 Dungeon Crawl Stone Soup version 0.29-a0-330-g52719c12eb (webtiles) character file.

Game seed: 13983700582278060014

518 kae the Firebug (level 6, 0/45 HPs)
             Began as a Demigod Fire Elementalist on Apr 23, 2022.
             Slain by an orc wizard
             ... wielding a +0 dagger
              (4 damage)
             ... on level 5 of the Dungeon.
             The game lasted 00:03:14 (5745 turns).

kae the Firebug (Demigod Fire Elementalist)         Turns: 5745, Time: 00:03:15

Health: 0/45       AC:  3    Str:  9    XL:     6   Next: 68%
Magic:  12/15      EV: 12    Int: 25    God:
Gold:   212        SH:  0    Dex: 14    Spells: 6/12 levels left

rFire   . . .      SeeInvis .   n - +0 whip (elec)
rCold   . . .      Faith    .   (no shield)
rNeg    . . .      Spirit   .   a - +1 robe
rPois   .          Reflect  +   (no helmet)
rElec   .          Harm     .   (no cloak)
rCorr   +          Rampage  .   (no gloves)
Will    .....                   (no boots)
Stlth   +.........              i - amulet of reflection
HPRegen 0.15/turn               m - ring of resist corrosion
MPRegen 0.14/turn               (no ring)

@: confused, hasted, very quick
A: high MP 1, forlorn, divine attributes
a: no special abilities


You were on level 5 of the Dungeon.
You visited 1 branch of the dungeon, and saw 5 of its levels.

You collected 212 gold pieces.

Inventory:

Hand Weapons
 e - a +0 hand axe
 n - a +0 whip of electrocution (weapon)
Armour
 a - a +1 robe (worn)
 k - a +1 pair of gloves
Jewellery
 i - an amulet of reflection (around neck)
 m - a ring of resist corrosion (left hand)
Scrolls
 c - a scroll of amnesia
 h - a scroll of identify
 j - a scroll of magic mapping {unknown}
 q - 2 scrolls of immolation
Potions
 b - a potion of magic
 d - 2 potions of attraction
 f - 2 potions of berserk rage


   Skills:
 - Level 1.7 Dodging
 - Level 1.7 Stealth
 + Level 3.9 Spellcasting
 + Level 3.7 Conjurations
 + Level 4.7 Fire Magic


You had 6 spell levels left.
You knew the following spells:

 Your Spells              Type           Power      Damage    Failure   Level
a - Foxfire               Conj/Fire      100%       2x1d9     1%          1
b - Scorch                Fire           56%        2d7       1%          2
c - Conjure Flame         Conj/Fire      26%        6-21      4%          3

Your spell library contained the following spells:

 Spells                   Type           Power      Damage    Failure   Level
 Animate Skeleton         Necr           8%         N/A       10%         1
 Freeze                   Ice            16%        1d4       10%         1
 Pain                     Necr           16%        1d4       10%         1
 Inner Flame              Hex/Fire       16%        N/A       11%         3
 Flame Wave               Conj/Fire      26%        2d7       16%         4
 Frozen Ramparts          Ice            8%         1d2       28%         3
 Portal Projectile        Hex/Tloc       8%         N/A       28%         3
 Vampiric Draining        Necr           4%         2d6       28%         3
 Hailstorm                Conj/Ice       14%        3d5       38%         4
 Ice Form                 Ice/Tmut       4%         N/A       67%         4
 Blade Hands              Tmut           2%         N/A       95%         5
 Excruciating Wounds      Necr           2%         N/A       95%         5
 Simulacrum               Ice/Necr       2%         N/A       100%        6


Dungeon Overview and Level Annotations

Branches:
Dungeon (5/15)
 Temple: D:4-7

Shops:
D:1 (

Annotations:
D:4 Edmund


Innate Abilities, Weirdness & Mutations

You have an increased reservoir of magic. (+10% MP)
You shall have no god before yourself.
Your divine heritage dramatically boosts your attributes as you level up.


Message History

You feel sick. The scorpion attacks as you move away!
The scorpion barely misses you.
You feel sick. The scorpion stings you.
You feel sick.
You feel sick.
Casting: Foxfire (safe; 1% risk of failure)
Confirm with . or Enter, or press ? or * to list all spells.
Flames lash the scorpion.
The scorpion is almost dead.
The scorpion's fire resistance burns away.
You feel sick. The scorpion stings you.
You feel sick. You block the scorpion's attack.
Casting: Scorch (safe; 1% risk of failure)
Confirm with . or Enter, or press ? or * to list all spells.
Flames lash the scorpion.
The scorpion is burned terribly!
You kill the scorpion!
You feel sick.
You are no longer poisoned.
The orc hits you with a +0 hand axe.
* * * LOW HITPOINT WARNING * * *
You feel yourself speed up.
You open the door.
A hound comes into view.
There is an open door here.
The hound barks!
You hear some strange, mumbled words.
You are confused.
You bump into the stone wall.
You hear some strange, mumbled words.
A puff of flame appears from out of thin air!
The puff of flame hits you.
* * * LOW HITPOINT WARNING * * *
You closely miss the orc. The orc barely misses you.
You hear some strange, mumbled words.
Something tries to affect you, but you resist.
You bump into the stone wall.
You barely miss the orc.
An orc wizard comes into view. It is wielding a +3 dagger.
Something hits you.
You die...

... ..# #.# #####.# . #.<...# ..#
#.....# . .... #....>#########..
........#########................
..............h{@....###.........
... .#####'##..o.....#........##.
... #.....o.....#...........
...#########†#.......'...........
........o......##.####...........
.........#.....##....#...........
#.#...#..o.......###.#.#'#####...
. #.#.#..#..#........#.#.# ###...
#.#.#..#...........#.#.# #.....


You could see a hound, an orc wizard and 2 orcs.

Vanquished Creatures
  Sigmund (D:4)
  An ogre (D:5)
  A scorpion (D:5)
  A hound (D:4)
  An iguana (D:4)
  9 adders
  2 worms
  A dart slug (D:1)
  5 orcs
  6 ball pythons
  4 bats
  7 endoplasms
  3 giant cockroaches
  5 goblins
  6 hobgoblins
  4 jackals (D:3)
  3 quokkas
  2 frilled lizards
  4 kobolds
  5 rats (D:1)
71 creatures vanquished.

Vanquished Creatures (collateral kills)
  A foxfire (D:1)
1 creature vanquished.

Vanquished Creatures (others)
  287 foxfires
287 creatures vanquished.

Grand Total: 359 creatures vanquished

Notes
Turn   | Place    | Note
-------+----------+-------------------------------------------
     0 | D:1      | kae the Demigod Fire Elementalist began the quest for the
                  | Orb.
     0 | D:1      | Reached XP level 1. HP: 14/14 MP: 5/5
    93 | D:1      | Reached skill level 1 in Conjurations
   525 | D:1      | Reached XP level 2. HP: 20/20 MP: 2/7
   695 | D:1      | Reached skill level 3 in Fire Magic
   895 | D:1      | Found Uhyenief's Weapon Shoppe.
  1565 | D:1      | Learned a level 2 spell: Scorch
  1734 | D:2      | Reached XP level 3. HP: 26/26 MP: 5/9
  1738 | D:2      | Learned a level 3 spell: Conjure Flame
  2736 | D:2      | Reached XP level 4. HP: 32/33 MP: 5/10
  4510 | D:4      | Noticed Sigmund
  4513 | D:4      | Reached XP level 5. HP: 25/38 MP: 7/12
  4812 | D:4      | Reached skill level 4 in Fire Magic
  5011 | D:4      | Noticed Edmund
  5401 | D:4      | Killed Sigmund
  5402 | D:4      | Reached XP level 6. HP: 27/45 MP: 11/14
  5574 | D:5      | Entered Level 5 of the Dungeon
  5745 | D:5      | Slain by an orc wizard

Illustrated notes

Levels and vault maps discovered:
D:1:      dpeg_arrival_orchard, layout_basic, serial_shops,
          nicolae_shop_behind_doors, minmay_misc_feat_secret_circle,
          serial_bayou_pond_d
D:2:      layout_basic, basic_altar, columned_hall_lemuel, grunt_ministairs_2,
          minmay_tetromino_o2
D:3:      layout_basic, mainiacjoe_overflow_six_doors_small,
          hellmonk_ecumenical_altar_leap_of_faith
D:4:      layout_basic, mainiacjoe_overflow_tiny_flanked,
          mainiacjoe_overflow_catch_the_wave, uniq_edmund, uniq_sigmund
D:5:      lemuel_castle_with_subvaults [lemuel_castle_interior_carwin_3],
          layout_basic, gammafunk_ghost_necromancy

Skill      XL: |  1  2  3  4  5 |
---------------+----------------+-----
Conjurations   | 1 2 3 |  3.7
Spellcasting   | 2 3 |  3.9
Fire Magic     | 3 4 |  4.7
Dodging        | |  1.7
Stealth        | |  1.7

Action                   |  1- 3 |  4- 6 || total
-------------------------+-------+-------++-------
Melee: Hand axe          |     2 |       ||     2
       Whip              |       |     2 ||     2
 Cast: Foxfire           |    69 |   103 ||   172
       Scorch            |     4 |     9 ||    13
  Use: Scroll            |       |    13 ||    13
       Potion            |       |     4 ||     4
Armor: Robe              |     3 |     1 ||     4
Dodge: Dodged            |    12 |    19 ||    31
Block: Other             |       |     5 ||     5

Table legend: (Time is in decaauts)
 A = Elapsed time spent in this place.
 B = Non-inter-level travel time spent in this place.
 C = Inter-level travel time spent in this place.
 D = Time resting spent in this place.
 E = Time spent auto-exploring this place.
 F = Levels seen in this place.
 G = Mean time per level.
                   A        B        C        D        E       F      G
               +--------+--------+--------+--------+--------+-----+--------+
         Total |   5741 |   5654 |     87 |    228 |   4766 |   5 | 1148.2 |
       Dungeon |   5741 |   5654 |     87 |    228 |   4766 |   5 | 1148.2 |
               +--------+--------+--------+--------+--------+-----+--------+

Top non-repeatable levels by time:
     D:2: 1637 daAuts
     D:1: 1592 daAuts
     D:4: 1373 daAuts
     D:3: 971 daAuts
     D:5: 166 daAuts
